 Dungeon Crawl Stone Soup version 0.30-a0-165-g1891117ce2 (webtiles) character file.

Game seed: 18082868006148680075

185844 qw the Severer (level 18, -10/114 HPs)
             Began as a Gargoyle Fighter on Sept 28, 2022.
             Was a High Priest of Okawaru.
             Mangled by a naga
             ... wielding a +1 trident of flaming
              (11 damage)
             ... on level 4 of the Snake Pit.
             The game lasted 00:13:59 (33699 turns).

qw the Severer (Gargoyle Fighter)                  Turns: 33699, Time: 00:13:59

Health: -10/114    AC: 70    Str: 37    XL:     18   Next: 45%
Magic:  25/25      EV:  8    Int:  8    God:    Okawaru [*****.]
Gold:   387        SH: 27    Dex: 14    Spells: 17/17 levels left

rFire   . . .      SeeInvis +    j - +6 broad axe (elec)
rCold   . . .      Faith    .    G - +0 tower shield
rNeg    + . .      Spirit   .    x - +13 crystal plate armour "Limuer" {Dex+7}
rPois   inf        Reflect  +    o - +2 hat of Defiance {rF- rCorr Str+8 Dex-2}
rElec   +          Harm     .    m - +1 cloak
rCorr   +          Rampage  .    h - +2 pair of gloves
Will    +....      Clarity  +    C - +2 pair of boots {rF+}
Stlth   ..........               w - amulet of reflection
HPRegen 0.29/turn                H - +4 ring of protection
MPRegen 0.19/turn                y - ring of see invisible

@: heroic, weakened, flying, slowed, constricted, very slow
A: sickness immunity, AC +13, big wings, negative energy resistance 1,
electricity resistance, torment resistance 1, petrification resistance, clarity
a: Renounce Religion, Heroism, Finesse, Duel


You were on level 4 of the Snake Pit.
You worshipped Okawaru.
Okawaru was extremely pleased with you.
You visited 6 branches of the dungeon, and saw 30 of its levels.
You visited the Abyss 1 time.

You collected 3101 gold pieces.
You spent 2714 gold pieces at shops.


Innate Abilities, Weirdness & Mutations

You are immune to sickness and miasma.
Your stone body is resilient. (AC +13)
You are immune to poison.
Your large and strong wings let you fly.
You resist negative energy. (rN+)
You are resistant to electric shocks. (rElec)
You are resistant to unholy torment.
You are immune to petrification.
You possess an exceptional clarity of mind.


   Skills:
 - Level 13.0(18.0) Fighting
 - Level 18.0(23.0) Axes
 - Level 7.0(12.0) Throwing
 + Level 15.0(20.0) Armour
 - Level 4.1(9.1) Dodging
 - Level 17.7(22.7) Shields
 - Level 10.0 Invocations


You had 17 spell levels left.
You didn't know any spells.
Your spell library was empty.

Inventory:

Hand Weapons
 j - a +6 broad axe of electrocution (weapon)
Missiles
 s - 3 javelins (quivered)
 E - 15 boomerangs
Armour
 c - a +2 helmet
 h - a +2 pair of gloves (worn)
 m - a +1 cloak (worn)
 o - the +2 hat of Defiance (worn) {rF- rCorr Str+8 Dex-2}
   (Okawaru gifted it to you on level 2 of the Snake Pit)

   Str:       It affects your strength (+8).
   Dex:       It affects your dexterity (-2).
   rF:        It makes you vulnerable to fire.
   rCorr:     It protects you from acid and corrosion.
 x - the +13 crystal plate armour "Limuer" (worn) {Dex+7}
   (Okawaru gifted it to you on level 2 of the Swamp)

   Dex:       It affects your dexterity (+7).
 C - a +2 pair of boots of fire resistance (worn)
 G - a +0 tower shield (worn)
 J - the +0 pair of gloves of Youthful Indiscretion {rF- rC+ Will+ SInv}
   (You took it off Nikola on level 1 of the Swamp)

   rF:        It makes you vulnerable to fire.
   rC:        It protects you from cold.
   SInv:      It lets you see invisible.
   Will:      It increases your willpower.
Jewellery
 n - a ring of protection from cold
 p - a ring of protection from fire
 w - an amulet of reflection (around neck)
 y - a ring of see invisible (right hand)
 A - a ring of ice
 H - a +4 ring of protection (left hand)
 I - a ring of resist corrosion
 Y - a +6 ring of strength
Wands
 u - a wand of digging (14)
Scrolls
 l - 17 scrolls of identify
Potions
 b - 2 potions of resistance
 d - 5 potions of might
 e - 6 potions of lignification
 f - 9 potions of mutation
 k - 2 potions of magic
 q - 16 potions of curing
 t - 2 potions of haste
 v - 3 potions of cancellation
 z - 3 potions of attraction

Dungeon Overview and Level Annotations

Branches:
Dungeon (15/15)            Temple (1/1) D:5            Lair (5/5) D:11
  Swamp (3/4) Lair:2        Snake (4/4) Lair:2        Slime (0/5) Lair:4
    Orc (2/2) D:10            Elf (0/3) Orc:2        Vaults (0/5) D:13
 Depths (0/4) D:15

Altars:
Ashenzari
Cheibriados
Dithmenos
Elyvilon
Fedhas
Gozag
Hepliaklqana
Kikubaaqudgha
Makhleb
Nemelex Xobeh
Okawaru
Qazlal
Ru
Sif Muna
Trog
Uskayaw
Vehumet
Wu Jian
Xom
Yredelemnul
Zin
The Shining One
Jiyva

Shops:
D:4 *   D:7 [   D:9 !   D:14 *   Orc:2 :*[(   Snake:1 :   Snake:2 (
Snake:3 =::

Annotations:
D:5 1 runed translucent door, Crazy Yiuf
D:7 2 transporters, qw's ghost, novice GrFi
Lair:3 2 transporters
Snake:4 Vashnia


Message History

The naga warrior spits poison at you.
The splash of poison hits you but does no damage.
You resist.
The anaconda bites you but does no damage.
You slash the naga!
The naga is heavily wounded.
You hit the naga. You slice the anaconda!! You miss the guardian serpent.
You barely miss the naga warrior. You hit the salamander tyrant.
Lightning courses through the salamander tyrant!!
You barely miss the guardian serpent. You hit the nagaraja.
Lightning courses through the nagaraja!
The nagaraja no longer looks unusually strong.
The naga no longer looks unusually strong.
You block the nagaraja's attack.
You block the guardian serpent's attack.
The nagaraja hits you but does no damage.
You block the anaconda's attack. The naga hits you but does no damage.
The naga constricts you.
The guardian serpent closely misses you.
You block the nagaraja's attack.
You block the salamander tyrant's attack.
The guardian serpent hits you but does no damage.
The anaconda bites you but does no damage.
The naga warrior roars a battlecry!
The nagas go into a battle-frenzy!
The nagaraja completely misses you.
You closely miss the naga.
The naga is heavily wounded.
You hit the guardian serpent.
You hit the naga warrior but do no damage.
You barely miss the salamander tyrant.
You hit the guardian serpent but do no damage.
You hit the nagaraja. You hit the naga. Lightning courses through the naga!
You hit the anaconda.
The naga mage no longer looks unusually strong.
You block the guardian serpent's attack.
The anaconda completely misses you.
The nagaraja hits you with a +1 halberd of protection.
The naga hits you with a +1 trident of flaming!
You die...

........#...)#########.##........
#..##...##...........###.........
#..##....###...........##.....##.
##..#......########.....#....##..
##...#........# ###....#...####.
.#..#.#...#...####.....##..## ##.
.).#.###..##.##..N....##..)####..
#...####...#.#.NNSN..###.....#...
##...##......##N@N####...#......#
#.)..###...###.SNS.# #..##.....##
).).......##.........##. #....##.
%......#..#.....N.....##.#.......
...)...####....N......##........#
..##...# #....8...8....#.........
.###...###.}....N....}.###.......
...#....#.....8...8...(. #....###
##......# ##..## #


You could see 2 nagarajas, a naga warrior (catching breath), 2 naga
sharpshooters, a salamander tyrant (strong), an anaconda, 2 guardian serpents, a
naga mage and 3 nagas.

Vanquished Creatures
  Mara (Snake:3)
  Nikola (Swamp:1)
  Mlioglotl (Snake:3)
  A tentacled starspawn (Abyss:3)
  5 nagarajas
  2 orc warlords
  A cacodemon (Abyss:3)
  4 eleionomae
  2 bunyips
  Josephine (D:12)
  2 ettins
  A fire dragon (Lair:5)
  A shambling mangrove (Swamp:3)
  A salamander tyrant (Snake:1)
  10 hydras
  A rakshasa (Abyss:3)
  A vault guard (D:13)
  3 catoblepae
  A ghost crab (Swamp:3)
  3 centaur warriors
  4 two-headed ogres
  10 anacondas
  A tengu warrior (D:15)
  A death yak (D:9)
  3 hell hogs (Abyss:3)
  An orc high priest (Orc:2)
  7 alligators
  2 boulder beetles (D:12)
  Urug (Orc:2)
  14 naga warriors
  8 naga sharpshooters
  7 shock serpents
  A wretched star (Abyss:3)
  Nergalle (D:12)
  3 skeletal warriors (D:12)
  A death drake (Swamp:3)
  2 salamander mystics (Snake:4)
  2 goliath frogs (Swamp:2)
  2 sixfirhies (Abyss:3)
  6 naga ritualists
  8 spriggan druids
  A swamp dragon (Lair:5)
  A deep troll (D:15)
  5 bog bodies
  4 wizards
  Pikel (D:6)
  2 orc knights (Orc:2)
  11 mana vipers
  3 deep elf pyromancers
  4 orc sorcerers
  A wolf spider (Lair:5)
  3 will-o-the-wisps
  3 manticores
  13 salamanders
  14 ugly things
  6 guardian serpents
  14 elephants
  Maurice (D:9)
  39 black mambas
  18 naga magi
  6 cyclopes
  An orange demon (Abyss:3)
  A smoke demon (Abyss:3)
  3 gargoyles
  15 cane toads
  3 rime drakes (Lair:5)
  15 komodo dragons
  2 unseen horrors
  2 efreet
  A tengu conjurer (D:15)
  3 meliai (D:15)
  3 red devils (Abyss:3)
  12 hornets
  A bloated husk (Swamp:1)
  3 polar bears
  7 trolls
  5 tyrant leeches
  A blink frog (shapeshifter) (D:15)
  4 dream sheep (Lair:3)
  A raiju (Abyss:3)
  A large abomination (Abyss:3)
  10 slime creatures (D:12)
  4 blink frogs
  A shadow (D:9)
  2 vampires (D:11)
  8 wraiths
  16 wyverns
  12 starcursed masses (Abyss:3)
  11 spriggans
  5 water elementals (D:14)
  63 yaks
  2 fire elementals (D:13)
  2 steam dragons
  4 basilisks
  11 vampire mosquitoes
  Menkaure (D:5)
  4 wargs
  35 nagas
  2 acid dragons (Lair:5)
  11 swamp worms
  Duvessa (D:7)
  16 water moccasins
  3 sky beasts
  3 swamp drakes
  5 black bears
  An ice beast (D:6)
  29 orc warriors
  5 ogres
  14 wolves
  8 centaurs
  9 bullfrogs
  A kobold brigand (D:11)
  A lemure (D:6)
  2 necrophages
  Blork the orc (D:5)
  4 gnoll sergeants
  2 scorpions (D:6)
  3 small abominations (Abyss:3)
  10 wights
  Dowan (D:7)
  5 howler monkeys
  9 electric eels
  2 jellies
  5 hounds
  2 quasits (Abyss:3)
  18 orc priests
  A gnoll bouda (D:6)
  4 iguanas
  26 orc wizards
  A hell rat (Lair:2)
  Robin (D:4)
  24 gnolls
  6 adders
  3 river rats (D:3)
  2 shadow imps
  2 white imps (D:7)
  An ufetubus (D:6)
  4 worms
  15 dart slugs
  84 orcs
  4 ball pythons
  4 endoplasms
  4 giant cockroaches
  12 goblins
  11 hobgoblins
  7 jackals (D:1)
  5 kobolds
  7 quokkas
  2 bats
  4 frilled lizards
  3 rats
963 creatures vanquished.

Vanquished Creatures (others)
  2 spriggans (Swamp:2)
  3 bloated husks (Swamp:2)
  A hornet (Swamp:2)
  A naga (Snake:4)
  7 foxfires
  28 fungi
  115 plants
  2 starspawn tentacles (Abyss:3)
159 creatures vanquished.

Grand Total: 1122 creatures vanquished

Notes
Turn   | Place    | Note
-------+----------+-------------------------------------------
     0 | D:1      | qw the Gargoyle Fighter began the quest for the Orb.
     0 | D:1      | Reached XP level 1. HP: 14/14 MP: 1/1
     0 | D:1      | 0 ||| qw: Version: 0.2-a-12-gaebbb33
     0 | D:1      | 0 ||| qw: Game counter: 817
     0 | D:1      | 0 ||| qw: Always use a shield: true
     0 | D:1      | 0 ||| qw: God list: Okawaru
     0 | D:1      | 0 ||| qw: Allow faded altars: false
     0 | D:1      | 0 ||| qw: Do Orc after D:15 true
     0 | D:1      | 0 ||| qw: Do second Lair branch before Depths: true
     0 | D:1      | 0 ||| qw: Lair rune preference: random
     0 | D:1      | 0 ||| qw: Plans: Normal, Zot:1-4, God:TSO, Crypt, Tomb,
                  | Pan, Slime:5, Hells, Abyss, Orb
     0 | D:1      | 0 ||| PLANNING D:1-11
   104 | D:1      | 104 ||| Stepping ~*~*~tactically~*~*~ (stealth).
   114 | D:1      | Reached skill level 2 in Axes
   119 | D:1      | 119 ||| Stepping ~*~*~tactically~*~*~ (stealth).
   120 | D:1      | 120 ||| Stepping ~*~*~tactically~*~*~ (stealth).
   121 | D:1      | 121 ||| Stepping ~*~*~tactically~*~*~ (stealth).
   193 | D:1      | Reached XP level 2. HP: 19/19 MP: 2/2
   595 | D:1      | Found a faded altar of an unknown god.
   621 | D:1      | Reached skill level 3 in Axes
   731 | D:1      | Reached XP level 3. HP: 23/23 MP: 3/3
  1115 | D:1      | 1115 ||| READING scroll labelled RAISADWAANK.
  1116 | D:1      | 1116 ||| READING 2 scrolls labelled JORAHO OTAOLY.
  1117 | D:1      | 1117 ||| READING scroll labelled NUHOVUR GIGAA.
  1118 | D:1      | 1118 ||| READING scroll labelled YPLUSUUGGO.
  1119 | D:1      | 1119 ||| READING scroll labelled TOLIUXZOAWN.
  1120 | D:1      | 1120 ||| DROPPING scroll of summoning.
  1281 | D:2      | 1281 ||| Stepping ~*~*~tactically~*~*~ (stealth).
  1466 | D:2      | 1466 ||| DROPPING +0 club.
  1523 | D:2      | 1523 ||| FLEEEEING.
  1524 | D:2      | 1524 ||| FLEEEEING.
  1525 | D:2      | 1525 ||| FLEEEEING.
  1526 | D:2      | 1526 ||| FLEEEEING.
  1527 | D:2      | 1527 ||| FLEEEEING.
  1543 | D:2      | 1543 ||| FLEEEEING.
  1544 | D:2      | 1544 ||| FLEEEEING.
  1584 | D:2      | 1584 ||| Stepping ~*~*~tactically~*~*~ (stealth).
  1590 | D:2      | Reached XP level 4. HP: 28/28 MP: 4/4
  1700 | D:2      | 1700 ||| Stepping ~*~*~tactically~*~*~ (stealth).
  1704 | D:2      | 1704 ||| Stepping ~*~*~tactically~*~*~ (stealth).
  1705 | D:2      | 1705 ||| Stepping ~*~*~tactically~*~*~ (stealth).
  1706 | D:2      | 1706 ||| Stepping ~*~*~tactically~*~*~ (stealth).
  1726 | D:2      | Reached skill level 4 in Axes
  2259 | D:2      | 2259 ||| UPGRADING to +0 chain mail.
  2269 | D:2      | 2269 ||| DROPPING +0 scale mail.
  2270 | D:2      | 2270 ||| UPGRADING to +0 pair of boots.
  2275 | D:2      | 2275 ||| UPGRADING to +0 pair of gloves.
  2280 | D:2      | 2280 ||| UPGRADING to +6 ring of dexterity.
  2281 | D:2      | 2281 ||| READING scroll labelled DIFUIFUZXI.
  2293 | D:3      | 2293 ||| PLANNING SEWER
  2366 | D:3      | Reached skill level 1 in Dodging
  2433 | D:3      | 2433 ||| READING scroll of enchant weapon.
  2433 | D:3      | 2433 ||| ENCHANTING +1 war axe.
  2435 | D:3      | Found a glowing golden altar of the Shining One.
  2614 | D:3      | 2614 ||| Stepping ~*~*~tactically~*~*~ (stealth).
  2619 | D:3      | Reached XP level 5. HP: 31/32 MP: 5/5
  2816 | D:3      | 2816 ||| READING scroll of enchant weapon.
  2816 | D:3      | 2816 ||| ENCHANTING +2 war axe.
  2925 | D:3      | 2925 ||| RIP SEWER
  2926 | D:3      | 2926 ||| PLANNING D:1-11
  2937 | D:3      | 2937 ||| Stepping ~*~*~tactically~*~*~ (water).
  3176 | D:3      | 3176 ||| Stepping ~*~*~tactically~*~*~ (hiding).
  3434 | D:3      | 3434 ||| UPGRADING to +0 plate armour.
  3444 | D:3      | 3444 ||| DROPPING +0 chain mail.
  3445 | D:3      | 3445 ||| READING scroll labelled PUS BAEBALOIXAMOIKK.
  3446 | D:3      | 3446 ||| READING scroll labelled VEUCRO YNYL.
  3447 | D:3      | 3447 ||| READING scroll labelled XUIGUTY JUYGIY.
  3448 | D:3      | 3448 ||| DRINKING 2 inky potions.
  3449 | D:3      | 3449 ||| DRINKING 2 metallic red potions.
  3450 | D:3      | 3450 ||| DRINKING 4 fizzy white potions.
  3551 | D:3      | 3551 ||| READING 2 scrolls of identify.
  3551 | D:3      | 3551 ||| IDENTIFYING bubbling yellow potion
  3552 | D:3      | 3552 ||| DROPPING potion of degeneration.
  3553 | D:3      | 3553 ||| DROPPING 3 potions of ambrosia.
  3582 | D:4      | Noticed an ogre
  3590 | D:4      | Killed an ogre
  3591 | D:4      | Reached XP level 6. HP: 37/37 MP: 6/6
  3635 | D:4      | Noticed a black bear
  3640 | D:4      | Killed a black bear
  3641 | D:4      | Reached skill level 5 in Axes
  3713 | D:4      | 3713 ||| Stepping ~*~*~tactically~*~*~ (stealth).
  3829 | D:4      | 3829 ||| Stepping ~*~*~tactically~*~*~ (stealth).
  3831 | D:4      | 3831 ||| Stepping ~*~*~tactically~*~*~ (stealth).
  3833 | D:4      | 3833 ||| Stepping ~*~*~tactically~*~*~ (stealth).
  3835 | D:4      | Noticed Robin
  3836 | D:4      | 3836 ||| Stepping ~*~*~tactically~*~*~ (hiding).
  3838 | D:4      | 3838 ||| Stepping ~*~*~tactically~*~*~ (hiding).
  3844 | D:4      | Killed Robin
  4059 | D:4      | Found Pabijis's Assorted Antiques.
  4066 | D:4      | 4066 ||| BUYING 2 fuming inky potions (50 gold).
  4066 | D:4      | Bought 2 fuming inky potions for 50 gold pieces
  4066 | D:4      | 4066 ||| BUYING emerald potion (25 gold).
  4066 | D:4      | Bought an emerald potion for 25 gold pieces
  4066 | D:4      | 4066 ||| BUYING scroll labelled NIETTAIVIPS (28 gold).
  4066 | D:4      | Bought a scroll labelled NIETTAIVIPS for 28 gold pieces
  4066 | D:4      | 4066 ||| SHOPLISTING shiny chain mail (210 gold, have 106).
  4093 | D:4      | 4093 ||| Stepping ~*~*~tactically~*~*~ (stealth).
  4097 | D:4      | Reached XP level 7. HP: 43/43 MP: 7/7
  4170 | D:4      | 4170 ||| Stepping ~*~*~tactically~*~*~ (stealth).
  4224 | D:4      | Found an opulent altar of Gozag.
  4319 | D:4      | 4319 ||| UPGRADING to +0 helmet.
  4324 | D:4      | 4324 ||| UPGRADING to amulet of regeneration.
  4329 | D:4      | 4329 ||| READING scroll labelled JONNIY EFIDGHYL.
  4330 | D:4      | 4330 ||| READING scroll labelled NIETTAIVIPS.
  4431 | D:4      | 4431 ||| DRINKING 2 emerald potions.
  4432 | D:4      | 4432 ||| DRINKING 2 fuming inky potions.
  4433 | D:4      | 4433 ||| READING 2 scrolls of identify.
  4433 | D:4      | 4433 ||| IDENTIFYING fizzy emerald potion
  4451 | D:5      | Entered Level 5 of the Dungeon
  4620 | D:5      | 4620 ||| DROPPING +0 mace of protection.
  4633 | D:5      | Noticed Blork the orc
  4634 | D:5      | 4634 ||| Stepping ~*~*~tactically~*~*~ (hiding).
  4639 | D:5      | Killed Blork the orc
  4752 | D:5      | Found a staircase to the Ecumenical Temple.
  4753 | D:5      | 4753 ||| PLANNING TEMPLE
  4760 | D:5      | 4760 ||| FLEEEEING.
  4763 | D:5      | 4763 ||| FLEEEEING.
  4764 | D:5      | 4764 ||| FLEEEEING.
  4767 | D:5      | 4767 ||| FLEEEEING.
  4768 | D:5      | 4768 ||| FLEEEEING.
  4769 | D:5      | 4769 ||| FLEEEEING.
  4770 | D:5      | 4770 ||| FLEEEEING.
  4771 | D:5      | 4771 ||| FLEEEEING.
  4772 | D:5      | 4772 ||| FLEEEEING.
  4773 | D:5      | 4773 ||| FLEEEEING.
  4774 | D:5      | 4774 ||| FLEEEEING.
  4775 | D:5      | 4775 ||| FLEEEEING.
  4776 | D:5      | 4776 ||| FLEEEEING.
  4777 | D:5      | 4777 ||| FLEEEEING.
  4778 | D:5      | 4778 ||| FLEEEEING.
  4779 | D:5      | 4779 ||| FLEEEEING.
  4780 | D:5      | 4780 ||| FLEEEEING.
  4781 | D:5      | 4781 ||| FLEEEEING.
  4782 | D:5      | 4782 ||| FLEEEEING.
  4783 | D:5      | 4783 ||| FLEEEEING.
  4784 | D:5      | 4784 ||| FLEEEEING.
  4785 | D:5      | 4785 ||| FLEEEEING.
  4786 | D:5      | 4786 ||| FLEEEEING.
  4789 | D:5      | 4789 ||| FLEEEEING.
  4790 | D:5      | 4790 ||| FLEEEEING.
  4791 | D:5      | 4791 ||| FLEEEEING.
  4792 | D:5      | 4792 ||| FLEEEEING.
  4793 | D:5      | 4793 ||| FLEEEEING.
  4794 | D:5      | 4794 ||| FLEEEEING.
  4795 | D:5      | 4795 ||| FLEEEEING.
  4796 | D:5      | 4796 ||| FLEEEEING.
  4797 | D:5      | 4797 ||| FLEEEEING.
  4801 | D:5      | 4801 ||| STAIRDANCE
  4810 | D:5      | 4810 ||| STAIRDANCE
  4858 | Temple   | Entered the Ecumenical Temple
  4957 | Temple   | 4957 ||| PLANNING OKAWARU WORSHIP
  5019 | Temple   | Became a worshipper of Warmaster Okawaru
  5020 | Temple   | 5020 ||| PLANNING D:1-11
  5045 | D:5      | Found a sacrificial altar of Ru.
  5045 | D:5      | Found an ornate altar of the Wu Jian Council.
  5097 | D:5      | Reached skill level 6 in Axes
  5465 | D:5      | Noticed Menkaure
  5468 | D:5      | 5468 ||| FLEEEEING.
  5469 | D:5      | 5469 ||| FLEEEEING.
  5470 | D:5      | 5470 ||| FLEEEEING.
  5471 | D:5      | 5471 ||| FLEEEEING.
  5476 | D:5      | Killed Menkaure
  5477 | D:5      | Reached skill level 7 in Axes
  5477 | D:5      | Reached XP level 8. HP: 39/48 MP: 8/8
  5610 | D:5      | You fall into a shaft and drop 3 floors!
  5611 | D:8      | 5611 ||| READING scroll labelled DUPHEFAO BEDO.
  5612 | D:8      | 5612 ||| DRINKING 2 viscous grey potions.
  5613 | D:8      | 5613 ||| READING 2 scrolls of identify.
  5613 | D:8      | 5613 ||| IDENTIFYING bubbling amethyst potion
  5630 | D:7      | Reached * piety under Okawaru
  5637 | D:7      | Found Winuf's Armour Shop.
  5643 | D:7      | 5643 ||| INVOKING Heroism.
  5733 | D:7      | Noticed a queen bee
  5740 | D:7      | Noticed qw's ghost (novice GrFi)
  5748 | D:7      | Found a transporter.
  5753 | D:7      | Found a transporter.
  5757 | D:7      | Noticed a hornet
  5764 | D:7      | 5764 ||| READING scroll labelled IDOABL JETUUSAMEU.
  5769 | D:7      | 5769 ||| Stepping ~*~*~tactically~*~*~ (stealth).
  5791 | D:6      | 5791 ||| Stepping ~*~*~tactically~*~*~ (hiding).
  5792 | D:6      | 5792 ||| Stepping ~*~*~tactically~*~*~ (hiding).
  5795 | D:6      | 5795 ||| INVOKING Heroism.
  5810 | D:6      | Reached skill level 3 in Invocations
  5826 | D:6      | 5826 ||| DROPPING +0 flail.
  5838 | D:6      | 5838 ||| INVOKING Heroism.
  5878 | D:6      | 5878 ||| Stepping ~*~*~tactically~*~*~ (stealth).
  5883 | D:6      | Reached XP level 9. HP: 54/54 MP: 12/12
  5919 | D:6      | 5919 ||| UPGRADING to +0 kite shield.
  5929 | D:6      | 5929 ||| DROPPING +0 buckler.
  5930 | D:6      | 5930 ||| DRINKING 2 brown potions.
  6004 | D:5      | 6004 ||| INVOKING Heroism.
  6044 | D:5      | Found a runed translucent door.
  6045 | D:5      | Noticed Crazy Yiuf
  6084 | D:6      | Found a hazy altar of Hepliaklqana.
  6107 | D:6      | 6107 ||| Stepping ~*~*~tactically~*~*~ (stealth).
  6111 | D:6      | 6111 ||| INVOKING Heroism.
  6180 | D:6      | 6180 ||| INVOKING Heroism.
  6243 | D:6      | 6243 ||| INVOKING Heroism.
  6276 | D:6      | 6276 ||| DROPPING +2 flail of draining.
  6295 | D:6      | Reached skill level 6 in Shields
  6299 | D:6      | 6299 ||| Stepping ~*~*~tactically~*~*~ (water).
  6303 | D:6      | Reached ** piety under Okawaru
  6317 | D:6      | Noticed Pikel
  6318 | D:6      | 6318 ||| Stepping ~*~*~tactically~*~*~ (stealth).
  6319 | D:6      | 6319 ||| Stepping ~*~*~tactically~*~*~ (stealth).
  6321 | D:6      | 6321 ||| INVOKING Heroism.
  6323 | D:6      | 6323 ||| Stepping ~*~*~tactically~*~*~ (stealth).
  6328 | D:6      | Killed Pikel
  6746 | D:6      | 6746 ||| DROPPING amulet of guardian spirit.
  6849 | D:7      | Reached skill level 8 in Axes
  6880 | D:7      | 6880 ||| Stepping ~*~*~tactically~*~*~ (hiding).
  6881 | D:7      | 6881 ||| Stepping ~*~*~tactically~*~*~ (hiding).
  6881 | D:7      | Noticed Dowan
  6882 | D:7      | 6882 ||| INVOKING Heroism.
  6882 | D:7      | Noticed Duvessa
  6886 | D:7      | Killed Dowan
  6891 | D:7      | Reached *** piety under Okawaru
  6892 | D:7      | Reached skill level 6 in Fighting
  6902 | D:7      | Killed Duvessa
  6921 | D:7      | 6921 ||| DROPPING +0 morningstar.
  6934 | D:7      | 6934 ||| READING scroll of enchant weapon.
  6934 | D:7      | 6934 ||| ENCHANTING +3 spectral war axe.
  6964 | D:7      | 6964 ||| READING scroll of enchant weapon.
  6964 | D:7      | 6964 ||| ENCHANTING +4 spectral war axe.
  7209 | D:7      | Found an ancient bone altar of Kikubaaqudgha.
  7282 | D:7      | 7282 ||| BUYING +2 helmet (198 gold).
  7282 | D:7      | Bought a +2 helmet for 198 gold pieces
  7329 | D:7      | 7329 ||| UPGRADING to +2 helmet.
  7339 | D:7      | 7339 ||| DROPPING +0 helmet.
  7369 | D:8      | 7369 ||| INVOKING Heroism.
  7378 | D:8      | Reached XP level 10. HP: 60/60 MP: 11/13
  7414 | D:8      | Found a blossoming altar of Fedhas.
  7420 | D:8      | 7420 ||| INVOKING Heroism.
  7489 | D:8      | 7489 ||| Stepping ~*~*~tactically~*~*~ (hiding).
  7494 | D:8      | 7494 ||| INVOKING Heroism.
  7496 | D:8      | 7496 ||| Stepping ~*~*~tactically~*~*~ (hiding).
  7533 | D:8      | Found a shimmering altar of Xom.
  7584 | D:8      | Reached skill level 9 in Axes
  7670 | D:8      | Found a stormy altar of Qazlal.
  7852 | D:8      | 7852 ||| READING scroll labelled IRPHIGRALEG.
  7853 | D:8      | 7853 ||| READING 2 scrolls of identify.
  7853 | D:8      | 7853 ||| IDENTIFYING black potion
  7854 | D:8      | 7854 ||| DROPPING potion of flight.
  7868 | D:9      | 7868 ||| Stepping ~*~*~tactically~*~*~ (hiding).
  7992 | D:9      | Reached skill level 6 in Armour
  8120 | D:9      | Reached skill level 3 in Throwing
  8125 | D:9      | 8125 ||| INVOKING Heroism.
  8132 | D:9      | 8132 ||| Stepping ~*~*~tactically~*~*~ (water).
  8180 | D:9      | 8180 ||| INVOKING Heroism.
  8247 | D:9      | Noticed Maurice
  8263 | D:9      | Killed Maurice
  8319 | D:9      | 8319 ||| Stepping ~*~*~tactically~*~*~ (hiding).
  8321 | D:9      | 8321 ||| INVOKING Heroism.
  8322 | D:9      | 8322 ||| Stepping ~*~*~tactically~*~*~ (hiding).
  8331 | D:9      | Reached **** piety under Okawaru
  8509 | D:9      | 8509 ||| READING scroll of enchant weapon.
  8509 | D:9      | 8509 ||| ENCHANTING +5 spectral war axe.
  8546 | D:9      | Found Sal Jom's Distillery.
  8554 | D:9      | 8554 ||| BUYING potion of attraction (42 gold).
  8554 | D:9      | Bought a potion of attraction for 42 gold pieces
  8554 | D:9      | 8554 ||| BUYING potion of curing (42 gold).
  8554 | D:9      | Bought a potion of curing for 42 gold pieces
  8554 | D:9      | 8554 ||| BUYING potion of curing (42 gold).
  8554 | D:9      | Bought a potion of curing for 42 gold pieces
  8554 | D:9      | 8554 ||| BUYING potion of might (56 gold).
  8554 | D:9      | Bought a potion of might for 56 gold pieces
  8554 | D:9      | 8554 ||| SHOPLISTING potion of mutation (112 gold, have
                  | 45).
  8641 | D:9      | 8641 ||| Stepping ~*~*~tactically~*~*~ (stealth).
  8646 | D:9      | 8646 ||| Stepping ~*~*~tactically~*~*~ (hiding).
  8663 | D:9      | 8663 ||| FLEEEEING.
  8663 | D:9      | Noticed a death yak
  8664 | D:9      | 8664 ||| INVOKING Heroism.
  8680 | D:9      | Reached skill level 9 in Shields
  8682 | D:9      | Killed a death yak
  8682 | D:9      | Reached ***** piety under Okawaru
  8683 | D:9      | Reached skill level 6 in Invocations
  8683 | D:9      | Reached XP level 11. HP: 34/67 MP: 13/15
  8861 | D:9      | 8861 ||| UPGRADING to +0 cloak.
  8866 | D:9      | 8866 ||| READING scroll labelled ONAEMA MEKKIX.
  8867 | D:9      | 8867 ||| DRINKING 2 metallic grey potions.
  8868 | D:9      | 8868 ||| READING 2 scrolls of identify.
  8868 | D:9      | 8868 ||| IDENTIFYING lumpy green potion
  8869 | D:9      | 8869 ||| DROPPING potion of berserk rage.
  8870 | D:9      | 8870 ||| DROPPING potion of brilliance.
  8897 | D:10     | Entered Level 10 of the Dungeon
  8898 | D:10     | 8898 ||| INVOKING Heroism.
  8900 | D:10     | 8900 ||| STAIRDANCE
  8915 | D:10     | 8915 ||| STAIRDANCE
  8935 | D:10     | 8935 ||| STAIRDANCE
  8963 | D:10     | 8963 ||| Stepping ~*~*~tactically~*~*~ (stealth).
  8965 | D:10     | 8965 ||| Stepping ~*~*~tactically~*~*~ (stealth).
  8974 | D:10     | 8974 ||| Stepping ~*~*~tactically~*~*~ (stealth).
  8978 | D:10     | 8978 ||| Stepping ~*~*~tactically~*~*~ (stealth).
  8979 | D:10     | 8979 ||| Stepping ~*~*~tactically~*~*~ (stealth).
  9023 | D:10     | 9023 ||| INVOKING Heroism.
  9168 | D:10     | Found a white marble altar of Elyvilon.
  9222 | D:10     | Found a staircase to the Orcish Mines.
  9486 | D:10     | 9486 ||| UPGRADING to amulet of reflection.
  9496 | D:10     | 9496 ||| DROPPING amulet of regeneration.
  9534 | D:11     | 9534 ||| Stepping ~*~*~tactically~*~*~ (stealth).
  9538 | D:11     | 9538 ||| INVOKING Heroism.
  9541 | D:11     | Reached skill level 10 in Axes
  9544 | D:11     | Received a gift from Okawaru
  9648 | D:11     | Found a staircase to the Lair.
  9884 | D:11     | Found the +3 Mad Mage's Maulers {Infuse+∞ RegenMP Int-3}
  9892 | D:11     | 9892 ||| INVOKING Heroism.
  9909 | D:11     | Identified the +4 scale mail "Teuhif" {rF+ MP+9} (Okawaru
                  | gifted it to you on level 11 of the Dungeon)
  9909 | D:11     | Received a gift from Okawaru
  9937 | D:11     | 9937 ||| Stepping ~*~*~tactically~*~*~ (hiding).
 10156 | D:11     | 10156 ||| Stepping ~*~*~tactically~*~*~ (stealth).
 10164 | D:11     | Reached skill level 9 in Invocations
 10369 | D:11     | 10369 ||| PLANNING LAIR
 10427 | Lair:1   | Entered Level 1 of the Lair of Beasts
 10571 | Lair:1   | 10571 ||| INVOKING Heroism.
 10978 | Lair:2   | 10978 ||| STAIRDANCE
 10986 | Lair:2   | 10986 ||| INVOKING Heroism.
 10989 | Lair:2   | 10989 ||| STAIRDANCE
 11094 | Lair:2   | 11094 ||| STAIRDANCE
 11111 | Lair:2   | 11111 ||| Stepping ~*~*~tactically~*~*~ (hiding).
 11129 | Lair:2   | Found a staircase to the Snake Pit.
 11197 | Lair:2   | 11197 ||| INVOKING Heroism.
 11199 | Lair:2   | Reached XP level 12. HP: 73/73 MP: 16/19
 11245 | Lair:2   | 11245 ||| INVOKING Heroism.
 11593 | Lair:2   | Noticed a six-headed hydra
 11594 | Lair:2   | 11594 ||| STAIRDANCE
 11598 | Lair:2   | 11598 ||| STAIRDANCE
 11600 | Lair:1   | 11600 ||| INVOKING Heroism.
 11601 | Lair:1   | 11601 ||| SWAPPING to +5 morningstar.
 11602 | Lair:1   | 11602 ||| INVOKING Finesse.
 11613 | Lair:1   | Killed a six-headed hydra
 11614 | Lair:1   | 11614 ||| SWAPPING to +6 spectral war axe.
 11840 | Lair:2   | 11840 ||| STAIRDANCE
 11891 | Lair:2   | 11891 ||| Stepping ~*~*~tactically~*~*~ (stealth).
 11893 | Lair:2   | 11893 ||| INVOKING Heroism.
 11902 | Lair:2   | Reached skill level 11 in Axes
 11933 | Lair:2   | 11933 ||| INVOKING Heroism.
 11934 | Lair:2   | 11934 ||| Stepping ~*~*~tactically~*~*~ (stealth).
 11970 | Lair:2   | 11970 ||| Stepping ~*~*~tactically~*~*~ (stealth).
 11981 | Lair:2   | 11981 ||| Stepping ~*~*~tactically~*~*~ (stealth).
 12226 | Lair:2   | 12226 ||| INVOKING Heroism.
 12313 | Lair:2   | Noticed a catoblepas
 12314 | Lair:2   | 12314 ||| INVOKING Heroism.
 12315 | Lair:2   | 12315 ||| INVOKING Finesse.
 12326 | Lair:2   | Killed a catoblepas
 12329 | Lair:2   | Reached skill level 9 in Fighting
 12348 | Lair:2   | 12348 ||| Stepping ~*~*~tactically~*~*~ (stealth).
 12385 | Lair:2   | Noticed a six-headed hydra
 12386 | Lair:2   | Noticed a four-headed hydra
 12386 | Lair:2   | 12386 ||| Stepping ~*~*~tactically~*~*~ (stealth).
 12389 | Lair:2   | 12389 ||| Stepping ~*~*~tactically~*~*~ (stealth).
 12390 | Lair:2   | 12390 ||| INVOKING Heroism.
 12391 | Lair:2   | 12391 ||| SWAPPING to +5 morningstar.
 12392 | Lair:2   | 12392 ||| Stepping ~*~*~tactically~*~*~ (stealth).
 12393 | Lair:2   | 12393 ||| Stepping ~*~*~tactically~*~*~ (stealth).
 12394 | Lair:2   | 12394 ||| SWAPPING to +6 spectral war axe.
 12400 | Lair:2   | 12400 ||| SWAPPING to +5 morningstar.
 12401 | Lair:2   | 12401 ||| INVOKING Finesse.
 12405 | Lair:2   | Killed a six-headed hydra
 12413 | Lair:2   | Killed a four-headed hydra
 12413 | Lair:2   | Received a gift from Okawaru
 12414 | Lair:2   | Reached skill level 9 in Armour
 12414 | Lair:2   | 12414 ||| SWAPPING to +6 spectral war axe.
 12685 | Lair:2   | Noticed a catoblepas
 12686 | Lair:2   | 12686 ||| Stepping ~*~*~tactically~*~*~ (hiding).
 12687 | Lair:2   | 12687 ||| INVOKING Heroism.
 12690 | Lair:2   | 12690 ||| INVOKING Finesse.
 12694 | Lair:2   | Received a gift from Okawaru
 12701 | Lair:2   | Killed a catoblepas
 12702 | Lair:2   | Reached XP level 13. HP: 71/80 MP: 13/20
 12930 | Lair:2   | Reached skill level 12 in Axes
 13050 | Lair:2   | 13050 ||| INVOKING Heroism.
 13056 | Lair:2   | Reached skill level 3 in Dodging
 13159 | Lair:2   | 13159 ||| UPGRADING to ring of see invisible.
 13234 | Lair:3   | 13234 ||| STAIRDANCE
 13263 | Lair:3   | 13263 ||| INVOKING Heroism.
 13293 | Lair:3   | Received a gift from Okawaru
 13369 | Lair:3   | 13369 ||| SWAPPING to +4 broad axe of electrocution.
 13370 | Lair:3   | 13370 ||| DROPPING +6 spectral war axe.
 13387 | Lair:3   | 13387 ||| INVOKING Heroism.
 13465 | Lair:3   | 13465 ||| Stepping ~*~*~tactically~*~*~ (stealth).
 13476 | Lair:3   | 13476 ||| Stepping ~*~*~tactically~*~*~ (stealth).
 13484 | Lair:3   | 13484 ||| Stepping ~*~*~tactically~*~*~ (stealth).
 13485 | Lair:3   | 13485 ||| Stepping ~*~*~tactically~*~*~ (stealth).
 13486 | Lair:3   | 13486 ||| INVOKING Heroism.
 13538 | Lair:3   | 13538 ||| Stepping ~*~*~tactically~*~*~ (stealth).
 13555 | Lair:3   | Found a transporter.
 13556 | Lair:3   | Found a transporter.
 13602 | Lair:3   | 13602 ||| INVOKING Heroism.
 13747 | Lair:3   | 13747 ||| INVOKING Heroism.
 13799 | Lair:3   | 13799 ||| READING scroll of enchant weapon.
 13799 | Lair:3   | 13799 ||| ENCHANTING +4 broad axe of electrocution.
 13971 | Lair:3   | 13971 ||| Stepping ~*~*~tactically~*~*~ (hiding).
 13973 | Lair:3   | 13973 ||| INVOKING Heroism.
 13991 | Lair:3   | 13991 ||| Stepping ~*~*~tactically~*~*~ (cloud).
 14091 | Lair:3   | 14091 ||| INVOKING Heroism.
 14413 | Lair:2   | 14413 ||| Stepping ~*~*~tactically~*~*~ (hiding).
 14415 | Lair:2   | 14415 ||| Stepping ~*~*~tactically~*~*~ (hiding).
 14416 | Lair:2   | Found a staircase to the Swamp.
 14427 | Lair:2   | 14427 ||| INVOKING Heroism.
 14677 | Lair:4   | Found a staircase to the Slime Pits.
 14677 | Lair:4   | Found a viscous altar of Jiyva.
 14678 | Lair:4   | 14678 ||| INVOKING Heroism.
 14681 | Lair:4   | 14681 ||| STAIRDANCE
 14704 | Lair:4   | 14704 ||| INVOKING Heroism.
 14791 | Lair:4   | 14791 ||| Stepping ~*~*~tactically~*~*~ (stealth).
 14792 | Lair:4   | 14792 ||| INVOKING Heroism.
 14793 | Lair:4   | 14793 ||| INVOKING Finesse.
 14794 | Lair:4   | 14794 ||| Stepping ~*~*~tactically~*~*~ (stealth).
 14795 | Lair:4   | 14795 ||| Stepping ~*~*~tactically~*~*~ (stealth).
 14796 | Lair:4   | 14796 ||| Stepping ~*~*~tactically~*~*~ (stealth).
 14797 | Lair:4   | 14797 ||| SWAPPING to +5 morningstar.
 14798 | Lair:4   | 14798 ||| Stepping ~*~*~tactically~*~*~ (outnumbered).
 14799 | Lair:4   | 14799 ||| Stepping ~*~*~tactically~*~*~ (outnumbered).
 14800 | Lair:4   | 14800 ||| Stepping ~*~*~tactically~*~*~ (outnumbered).
 14801 | Lair:4   | 14801 ||| Stepping ~*~*~tactically~*~*~ (outnumbered).
 14802 | Lair:4   | 14802 ||| Stepping ~*~*~tactically~*~*~ (outnumbered).
 14803 | Lair:4   | 14803 ||| Stepping ~*~*~tactically~*~*~ (outnumbered).
 14804 | Lair:4   | 14804 ||| Stepping ~*~*~tactically~*~*~ (outnumbered).
 14805 | Lair:4   | 14805 ||| Stepping ~*~*~tactically~*~*~ (outnumbered).
 14813 | Lair:4   | 14813 ||| SWAPPING to +5 broad axe of electrocution.
 14821 | Lair:4   | Received a gift from Okawaru
 14822 | Lair:4   | 14822 ||| INVOKING Heroism.
 14861 | Lair:4   | 14861 ||| INVOKING Finesse.
 14865 | Lair:4   | 14865 ||| SWAPPING to +5 morningstar.
 14873 | Lair:4   | 14873 ||| SWAPPING to +5 broad axe of electrocution.
 14925 | Lair:4   | Identified the +5 robe of Afuch {Stlth+}
 14943 | Lair:4   | 14943 ||| INVOKING Heroism.
 14944 | Lair:4   | 14944 ||| INVOKING Finesse.
 14947 | Lair:4   | 14947 ||| SWAPPING to +5 morningstar.
 14956 | Lair:4   | Reached skill level 13 in Axes
 14956 | Lair:4   | 14956 ||| SWAPPING to +5 broad axe of electrocution.
 15105 | Lair:4   | You fall into a shaft and drop 1 floor!
 15105 | Lair:5   | Entered Level 5 of the Lair of Beasts
 15142 | Lair:5   | 15142 ||| INVOKING Heroism.
 15183 | Lair:5   | 15183 ||| READING scroll labelled GOILUL ILUMP.
 15193 | Lair:4   | 15193 ||| INVOKING Heroism.
 15265 | Lair:4   | 15265 ||| Stepping ~*~*~tactically~*~*~ (stealth).
 15475 | Lair:4   | 15475 ||| INVOKING Heroism.
 15482 | Lair:4   | Gained mutation: Your large and strong wings let you fly.
                  | [Gargoyle growth]
 15482 | Lair:4   | Reached XP level 14. HP: 88/88 MP: 19/21
 15812 | Lair:5   | 15812 ||| Stepping ~*~*~tactically~*~*~ (stealth).
 15828 | Lair:5   | 15828 ||| READING scroll of enchant armour.
 15828 | Lair:5   | 15828 ||| ENCHANTING +0 pair of gloves.
 15853 | Lair:5   | 15853 ||| Stepping ~*~*~tactically~*~*~ (stealth).
 15865 | Lair:5   | 15865 ||| INVOKING Heroism.
 15866 | Lair:5   | 15866 ||| SWAPPING to +5 morningstar.
 15867 | Lair:5   | 15867 ||| INVOKING Finesse.
 15874 | Lair:5   | 15874 ||| SWAPPING to +5 broad axe of electrocution.
 15876 | Lair:5   | 15876 ||| Stepping ~*~*~tactically~*~*~ (stealth).
 16060 | Lair:5   | 16060 ||| Stepping ~*~*~tactically~*~*~ (stealth).
 16065 | Lair:5   | 16065 ||| Stepping ~*~*~tactically~*~*~ (stealth).
 16069 | Lair:5   | 16069 ||| Stepping ~*~*~tactically~*~*~ (stealth).
 16072 | Lair:5   | 16072 ||| INVOKING Heroism.
 16078 | Lair:5   | Reached skill level 14 in Axes
 16086 | Lair:5   | 16086 ||| Stepping ~*~*~tactically~*~*~ (stealth).
 16103 | Lair:5   | 16103 ||| Stepping ~*~*~tactically~*~*~ (stealth).
 16106 | Lair:5   | 16106 ||| Stepping ~*~*~tactically~*~*~ (stealth).
 16199 | Lair:5   | 16199 ||| Stepping ~*~*~tactically~*~*~ (stealth).
 16215 | Lair:5   | 16215 ||| READING scroll of enchant armour.
 16215 | Lair:5   | 16215 ||| ENCHANTING +1 pair of gloves.
 16229 | Lair:5   | 16229 ||| Stepping ~*~*~tactically~*~*~ (stealth).
 16238 | Lair:5   | 16238 ||| Stepping ~*~*~tactically~*~*~ (stealth).
 16274 | Lair:5   | Reached ****** piety under Okawaru
 16281 | Lair:5   | 16281 ||| INVOKING Heroism.
 16282 | Lair:5   | Identified the +3 ring mail "Etikhlak" {Harm rN++ Str-4
                  | Dex-5 Slay+5} (Okawaru gifted it to you on level 5 of the
                  | Lair of Beasts)
 16282 | Lair:5   | Received a gift from Okawaru
 16303 | Lair:5   | 16303 ||| Stepping ~*~*~tactically~*~*~ (stealth).
 16465 | Lair:5   | 16465 ||| Stepping ~*~*~tactically~*~*~ (stealth).
 16552 | Lair:5   | 16552 ||| Stepping ~*~*~tactically~*~*~ (stealth).
 16555 | Lair:5   | 16555 ||| Stepping ~*~*~tactically~*~*~ (hiding).
 16556 | Lair:5   | 16556 ||| Stepping ~*~*~tactically~*~*~ (hiding).
 16569 | Lair:5   | 16569 ||| Stepping ~*~*~tactically~*~*~ (cloud).
 16613 | Lair:5   | 16613 ||| Stepping ~*~*~tactically~*~*~ (hiding).
 16654 | Lair:5   | 16654 ||| Stepping ~*~*~tactically~*~*~ (stealth).
 16669 | Lair:5   | 16669 ||| Stepping ~*~*~tactically~*~*~ (stealth).
 16671 | Lair:5   | 16671 ||| Stepping ~*~*~tactically~*~*~ (hiding).
 16673 | Lair:5   | 16673 ||| Stepping ~*~*~tactically~*~*~ (hiding).
 16787 | Lair:5   | 16787 ||| READING scroll of enchant armour.
 16787 | Lair:5   | 16787 ||| ENCHANTING +0 pair of boots.
 16818 | Lair:5   | 16818 ||| Stepping ~*~*~tactically~*~*~ (stealth).
 16837 | Lair:5   | 16837 ||| Stepping ~*~*~tactically~*~*~ (stealth).
 16853 | Lair:5   | 16853 ||| INVOKING Heroism.
 16854 | Lair:5   | 16854 ||| INVOKING Finesse.
 17147 | Lair:5   | 17147 ||| INVOKING Heroism.
 17288 | Lair:5   | 17288 ||| PLANNING D
 17288 | Lair:5   | 17288 ||| DROPPING ring of wizardry.
 17289 | Lair:5   | 17289 ||| UPGRADING to +6 ring of strength.
 17534 | D:12     | 17534 ||| INVOKING Heroism.
 17535 | D:12     | 17535 ||| INVOKING Finesse.
 17589 | D:12     | Reached skill level 12 in Shields
 17597 | D:12     | 17597 ||| INVOKING Heroism.
 17875 | D:12     | 17875 ||| Stepping ~*~*~tactically~*~*~ (stealth).
 17886 | D:12     | 17886 ||| Stepping ~*~*~tactically~*~*~ (stealth).
 17887 | D:12     | 17887 ||| Stepping ~*~*~tactically~*~*~ (stealth).
 17889 | D:12     | 17889 ||| Stepping ~*~*~tactically~*~*~ (stealth).
 17898 | D:12     | 17898 ||| Stepping ~*~*~tactically~*~*~ (hiding).
 17953 | D:12     | 17953 ||| Stepping ~*~*~tactically~*~*~ (stealth).
 17991 | D:12     | 17991 ||| Stepping ~*~*~tactically~*~*~ (hiding).
 18008 | D:12     | 18008 ||| Stepping ~*~*~tactically~*~*~ (stealth).
 18016 | D:12     | 18016 ||| Stepping ~*~*~tactically~*~*~ (stealth).
 18018 | D:12     | 18018 ||| Stepping ~*~*~tactically~*~*~ (stealth).
 18019 | D:12     | 18019 ||| Stepping ~*~*~tactically~*~*~ (stealth).
 18040 | D:12     | 18040 ||| Stepping ~*~*~tactically~*~*~ (stealth).
 18066 | D:12     | 18066 ||| INVOKING Heroism.
 18067 | D:12     | 18067 ||| INVOKING Finesse.
 18125 | D:12     | Noticed Josephine
 18140 | D:12     | Killed Josephine
 18141 | D:12     | 18141 ||| FLEEEEING.
 18223 | D:12     | Noticed Nergalle
 18224 | D:12     | 18224 ||| FLEEEEING.
 18225 | D:12     | 18225 ||| FLEEEEING.
 18228 | D:12     | 18228 ||| Stepping ~*~*~tactically~*~*~ (hiding).
 18235 | D:12     | Killed Nergalle
 18236 | D:12     | Reached skill level 15 in Axes
 18420 | D:12     | 18420 ||| Stepping ~*~*~tactically~*~*~ (stealth).
 18422 | D:12     | 18422 ||| Stepping ~*~*~tactically~*~*~ (stealth).
 18424 | D:12     | 18424 ||| INVOKING Heroism.
 18429 | D:12     | 18429 ||| READING 4 scrolls of teleportation.
 18583 | D:12     | 18583 ||| Stepping ~*~*~tactically~*~*~ (stealth).
 18586 | D:12     | Reached XP level 15. HP: 94/94 MP: 22/22
 18972 | D:13     | 18972 ||| STAIRDANCE
 19076 | D:13     | 19076 ||| STAIRDANCE
 19081 | D:13     | 19081 ||| STAIRDANCE
 19154 | D:13     | 19154 ||| STAIRDANCE
 19258 | D:13     | Received a gift from Okawaru
 19301 | D:13     | Reached skill level 12 in Fighting
 19315 | D:13     | 19315 ||| Stepping ~*~*~tactically~*~*~ (stealth).
 19322 | D:13     | 19322 ||| INVOKING Heroism.
 19387 | D:13     | 19387 ||| FLEEEEING.
 19393 | D:13     | 19393 ||| STAIRDANCE
 19510 | D:12     | 19510 ||| DROPPING +1 pair of gloves of hurling.
 19553 | D:13     | 19553 ||| Stepping ~*~*~tactically~*~*~ (stealth).
 19554 | D:13     | 19554 ||| Stepping ~*~*~tactically~*~*~ (stealth).
 19558 | D:13     | 19558 ||| Stepping ~*~*~tactically~*~*~ (stealth).
 19588 | D:13     | 19588 ||| INVOKING Heroism.
 19734 | Abyss:3  | Cast into level 3 of the Abyss (a wizard)
 19791 | Abyss:3  | Noticed a tentacled starspawn
 19798 | Abyss:3  | Killed a tentacled starspawn
 19874 | Abyss:3  | 19874 ||| Stepping ~*~*~tactically~*~*~ (hiding).
 19875 | Abyss:3  | 19875 ||| INVOKING Heroism.
 19956 | Abyss:3  | 19956 ||| INVOKING Heroism.
 19966 | Abyss:3  | HP: 18/76 [starcursed mass/accursed screaming (7)]
 19967 | Abyss:3  | 19967 ||| READING 3 scrolls of teleportation.
 19968 | Abyss:3  | 19968 ||| DRINKING 7 potions of heal wounds.
 19979 | Abyss:3  | HP: 13/76 [starcursed mass/accursed screaming (8)]
 19980 | Abyss:3  | 19980 ||| DRINKING 6 potions of heal wounds.
 20053 | Abyss:3  | 20053 ||| Stepping ~*~*~tactically~*~*~ (stealth).
 20057 | Abyss:3  | 20057 ||| INVOKING Heroism.
 20115 | Abyss:3  | HP: 24/96 [rakshasa (illusionary)/+0 vampiric trident (7)]
 20116 | Abyss:3  | 20116 ||| READING 2 scrolls of teleportation.
 20117 | Abyss:3  | 20117 ||| DRINKING 5 potions of heal wounds.
 20120 | Abyss:3  | HP: 22/96 [rakshasa/lance of force (8)]
 20121 | Abyss:3  | 20121 ||| DRINKING 4 potions of heal wounds.
 20196 | Abyss:3  | 20196 ||| Stepping ~*~*~tactically~*~*~ (stealth).
 20197 | Abyss:3  | 20197 ||| Stepping ~*~*~tactically~*~*~ (stealth).
 20201 | Abyss:3  | 20201 ||| Stepping ~*~*~tactically~*~*~ (stealth).
 20203 | Abyss:3  | 20203 ||| Stepping ~*~*~tactically~*~*~ (stealth).
 20204 | Abyss:3  | 20204 ||| Stepping ~*~*~tactically~*~*~ (stealth).
 20205 | Abyss:3  | 20205 ||| Stepping ~*~*~tactically~*~*~ (stealth).
 20206 | Abyss:3  | 20206 ||| INVOKING Heroism.
 20207 | Abyss:3  | Noticed a cacodemon
 20208 | Abyss:3  | 20208 ||| Stepping ~*~*~tactically~*~*~ (hiding).
 20210 | Abyss:3  | 20210 ||| Stepping ~*~*~tactically~*~*~ (stealth).
 20219 | Abyss:3  | Killed a cacodemon
 20220 | Abyss:3  | Reached skill level 16 in Axes
 20223 | Abyss:3  | 20223 ||| INVOKING Heroism.
 20279 | Abyss:3  | 20279 ||| INVOKING Heroism.
 20295 | Abyss:3  | 20295 ||| INVOKING Finesse.
 20309 | Abyss:3  | HP: 24/96 [barbs]
 20309 | Abyss:3  | HP: 10/96 [something/ball of steam (14)]
 20310 | Abyss:3  | 20310 ||| Stepping ~*~*~tactically~*~*~ (cloud).
 20311 | Abyss:3  | 20311 ||| Stepping ~*~*~tactically~*~*~ (cloud).
 20312 | Abyss:3  | 20312 ||| READING scroll of teleportation.
 20313 | Abyss:3  | 20313 ||| DRINKING 3 potions of heal wounds.
 20315 | Abyss:3  | HP: 24/96 [smoke demon/ball of steam (7)]
 20316 | Abyss:3  | 20316 ||| DRINKING 2 potions of heal wounds.
 20319 | Abyss:3  | 20319 ||| Stepping ~*~*~tactically~*~*~ (cloud).
 20379 | Abyss:3  | 20379 ||| Stepping ~*~*~tactically~*~*~ (stealth).
 20430 | Abyss:3  | 20430 ||| INVOKING Heroism.
 20431 | Abyss:3  | 20431 ||| INVOKING Finesse.
 20441 | D:13     | Escaped the Abyss
 20517 | D:13     | 20517 ||| READING scroll of enchant armour.
 20517 | D:13     | 20517 ||| ENCHANTING +1 pair of boots.
 20641 | D:13     | 20641 ||| READING scroll of enchant armour.
 20641 | D:13     | 20641 ||| ENCHANTING +0 cloak.
 20643 | D:13     | Found a gate to the Vaults.
 20899 | D:14     | Found Xesask's Fire Supplies.
 20913 | D:14     | 20913 ||| BUYING +0 fire dragon scales (720 gold).
 20913 | D:14     | Bought +0 fire dragon scales for 720 gold pieces
 20913 | D:14     | 20913 ||| BUYING +1 pair of boots of fire resistance (198
                  | gold).
 20913 | D:14     | Bought a +1 pair of boots of fire resistance for 198 gold
                  | pieces
 20931 | D:14     | 20931 ||| Stepping ~*~*~tactically~*~*~ (hiding).
 20944 | D:14     | Reached skill level 12 in Armour
 21092 | D:14     | 21092 ||| FLEEEEING.
 21093 | D:14     | 21093 ||| FLEEEEING.
 21094 | D:14     | 21094 ||| FLEEEEING.
 21095 | D:14     | 21095 ||| FLEEEEING.
 21096 | D:14     | 21096 ||| FLEEEEING.
 21097 | D:14     | 21097 ||| FLEEEEING.
 21098 | D:14     | 21098 ||| FLEEEEING.
 21099 | D:14     | 21099 ||| FLEEEEING.
 21100 | D:14     | 21100 ||| FLEEEEING.
 21115 | D:14     | 21115 ||| FLEEEEING.
 21122 | D:14     | 21122 ||| STAIRDANCE
 21176 | D:13     | 21176 ||| UPGRADING to +1 pair of boots of fire resistance.
 21578 | D:14     | 21578 ||| Stepping ~*~*~tactically~*~*~ (stealth).
 21579 | D:14     | 21579 ||| Stepping ~*~*~tactically~*~*~ (stealth).
 21883 | D:15     | Entered Level 15 of the Dungeon
 21935 | D:15     | 21935 ||| Stepping ~*~*~tactically~*~*~ (stealth).
 21939 | D:15     | 21939 ||| INVOKING Heroism.
 21957 | D:15     | Received a gift from Okawaru
 22156 | D:15     | 22156 ||| Stepping ~*~*~tactically~*~*~ (hiding).
 22158 | D:15     | 22158 ||| INVOKING Heroism.
 22161 | D:15     | 22161 ||| Stepping ~*~*~tactically~*~*~ (hiding).
 22172 | D:15     | 22172 ||| Stepping ~*~*~tactically~*~*~ (hiding).
 22189 | D:15     | 22189 ||| Stepping ~*~*~tactically~*~*~ (stealth).
 22192 | D:15     | 22192 ||| INVOKING Finesse.
 22193 | D:15     | 22193 ||| Stepping ~*~*~tactically~*~*~ (stealth).
 22194 | D:15     | 22194 ||| Stepping ~*~*~tactically~*~*~ (stealth).
 22213 | D:15     | 22213 ||| Stepping ~*~*~tactically~*~*~ (stealth).
 22231 | D:15     | 22231 ||| Stepping ~*~*~tactically~*~*~ (stealth).
 22233 | D:15     | 22233 ||| Stepping ~*~*~tactically~*~*~ (stealth).
 22236 | D:15     | 22236 ||| Stepping ~*~*~tactically~*~*~ (stealth).
 22238 | D:15     | 22238 ||| INVOKING Heroism.
 22252 | D:15     | 22252 ||| FLEEEEING.
 22252 | D:15     | HP: 13/96 [meliai/divine providence (15)]
 22253 | D:15     | 22253 ||| READING scroll of teleportation.
 22254 | D:15     | 22254 ||| DRINKING 2 potions of heal wounds.
 22510 | D:15     | 22510 ||| INVOKING Heroism.
 22520 | D:15     | Reached XP level 16. HP: 101/101 MP: 21/23
 22546 | D:15     | 22546 ||| Stepping ~*~*~tactically~*~*~ (stealth).
 22547 | D:15     | 22547 ||| Stepping ~*~*~tactically~*~*~ (stealth).
 22661 | D:15     | Found a staircase to the Depths.
 22786 | D:15     | 22786 ||| INVOKING Heroism.
 22789 | D:15     | Received a gift from Okawaru
 22822 | D:15     | Found a radiant altar of Vehumet.
 23018 | D:15     | 23018 ||| PLANNING ORC
 23018 | D:15     | 23018 ||| DROPPING amulet of the acrobat.
 23153 | Orc:1    | Entered Level 1 of the Orcish Mines
 23154 | Orc:1    | 23154 ||| INVOKING Heroism.
 23155 | Orc:1    | 23155 ||| INVOKING Finesse.
 23172 | Orc:1    | 23172 ||| Stepping ~*~*~tactically~*~*~ (stealth).
 23183 | Orc:1    | 23183 ||| Stepping ~*~*~tactically~*~*~ (hiding).
 23407 | Orc:1    | Found a shimmering altar of Xom.
 23542 | Orc:1    | 23542 ||| UPGRADING to +0 plate armour of cold resistance.
 23552 | Orc:1    | 23552 ||| DROPPING +0 plate armour.
 23580 | Orc:2    | Entered Level 2 of the Orcish Mines
 23604 | Orc:2    | 23604 ||| INVOKING Heroism.
 23608 | Orc:2    | 23608 ||| STAIRDANCE
 23654 | Orc:2    | Reached skill level 17 in Axes
 23658 | Orc:2    | 23658 ||| INVOKING Heroism.
 23665 | Orc:2    | 23665 ||| INVOKING Finesse.
 23686 | Orc:2    | HP: 22/103 [orc priest/divine providence (12)]
 23687 | Orc:2    | 23687 ||| DRINKING potion of heal wounds.
 23699 | Orc:2    | Noticed Urug
 23700 | Orc:2    | 23700 ||| INVOKING Heroism.
 23711 | Orc:2    | Killed Urug
 23713 | Orc:2    | 23713 ||| FLEEEEING.
 23714 | Orc:2    | 23714 ||| FLEEEEING.
 23715 | Orc:2    | 23715 ||| FLEEEEING.
 23716 | Orc:2    | 23716 ||| FLEEEEING.
 23717 | Orc:2    | 23717 ||| FLEEEEING.
 23718 | Orc:2    | 23718 ||| FLEEEEING.
 23719 | Orc:2    | 23719 ||| FLEEEEING.
 23720 | Orc:2    | 23720 ||| FLEEEEING.
 23721 | Orc:2    | 23721 ||| FLEEEEING.
 23722 | Orc:2    | 23722 ||| FLEEEEING.
 23723 | Orc:2    | 23723 ||| FLEEEEING.
 23724 | Orc:2    | 23724 ||| FLEEEEING.
 23725 | Orc:2    | 23725 ||| FLEEEEING.
 23726 | Orc:2    | 23726 ||| FLEEEEING.
 23727 | Orc:2    | 23727 ||| FLEEEEING.
 23728 | Orc:2    | 23728 ||| FLEEEEING.
 23729 | Orc:2    | 23729 ||| FLEEEEING.
 23730 | Orc:2    | 23730 ||| FLEEEEING.
 23731 | Orc:2    | 23731 ||| FLEEEEING.
 23732 | Orc:2    | 23732 ||| FLEEEEING.
 23733 | Orc:2    | 23733 ||| FLEEEEING.
 23734 | Orc:2    | 23734 ||| FLEEEEING.
 23735 | Orc:2    | 23735 ||| FLEEEEING.
 23739 | Orc:2    | 23739 ||| STAIRDANCE
 23962 | Orc:2    | 23962 ||| Stepping ~*~*~tactically~*~*~ (hiding).
 23965 | Orc:2    | 23965 ||| INVOKING Heroism.
 23966 | Orc:2    | 23966 ||| Stepping ~*~*~tactically~*~*~ (hiding).
 24083 | Orc:2    | Found a staircase to the Elven Halls.
 24084 | Orc:2    | 24084 ||| Stepping ~*~*~tactically~*~*~ (hiding).
 24105 | Orc:2    | 24105 ||| INVOKING Heroism.
 24120 | Orc:2    | 24120 ||| DROPPING +5 morningstar.
 24176 | Orc:2    | 24176 ||| INVOKING Heroism.
 24178 | Orc:2    | Found Rasoleis's General Store.
 24178 | Orc:2    | Gained mutation: You possess an exceptional clarity of
                  | mind. [a neqoxec]
 24209 | Orc:2    | 24209 ||| SHOPLISTING +5 chain mail of Yvvamir {rN+ Will+++
                  | rCorr Int-3 Dex+2} (866 gold, have 716).
 24209 | Orc:2    | 24209 ||| BUYING potion of mutation (96 gold).
 24209 | Orc:2    | Bought a potion of mutation for 96 gold pieces
 24227 | Orc:2    | 24227 ||| Stepping ~*~*~tactically~*~*~ (hiding).
 24229 | Orc:2    | 24229 ||| Stepping ~*~*~tactically~*~*~ (hiding).
 24402 | Orc:2    | Found Idulept's Antique Weapon Shop.
 24418 | Orc:2    | Found Raczisei's Antique Armour Shop.
 24425 | Orc:2    | 24425 ||| BUYING bronze chain mail (209 gold).
 24425 | Orc:2    | Bought a bronze chain mail for 209 gold pieces
 24425 | Orc:2    | Identified the +0 chain mail of the Other Side {rN+ Dex+4
                  | Stlth+} (You bought it in a shop on level 2 of the Orcish
                  | Mines)
 24425 | Orc:2    | 24425 ||| SHOPLISTING shiny plate armour (572 gold, have
                  | 516).
 24444 | Orc:2    | Found Siso's Book Shop.
 24468 | Orc:2    | 24468 ||| Stepping ~*~*~tactically~*~*~ (hiding).
 24470 | Orc:2    | 24470 ||| INVOKING Heroism.
 24759 | Orc:2    | 24759 ||| DROPPING +4 scale mail "Teuhif" {rF+ MP+9}.
 24760 | Orc:2    | 24760 ||| DROPPING +0 chain mail of the Other Side {rN+
                  | Dex+4 Stlth+}.
 24837 | Orc:1    | 24837 ||| INVOKING Heroism.
 24923 | Orc:1    | 24923 ||| PLANNING SNAKE:1-3
 25052 | Snake:1  | Entered Level 1 of the Snake Pit
 25053 | Snake:1  | 25053 ||| INVOKING Heroism.
 25201 | Snake:1  | 25201 ||| Stepping ~*~*~tactically~*~*~ (hiding).
 25242 | Snake:1  | 25242 ||| INVOKING Heroism.
 25340 | Snake:1  | 25340 ||| INVOKING Heroism.
 25347 | Snake:1  | 25347 ||| Stepping ~*~*~tactically~*~*~ (stealth).
 25543 | Snake:1  | 25543 ||| Stepping ~*~*~tactically~*~*~ (hiding).
 25563 | Snake:1  | Reached skill level 6 in Throwing
 25571 | Snake:1  | Found Dosod's Tremendous Tomes.
 25617 | Snake:1  | 25617 ||| Stepping ~*~*~tactically~*~*~ (hiding).
 25659 | Snake:1  | 25659 ||| Stepping ~*~*~tactically~*~*~ (hiding).
 25661 | Snake:1  | 25661 ||| Stepping ~*~*~tactically~*~*~ (hiding).
 25731 | Snake:1  | 25731 ||| Stepping ~*~*~tactically~*~*~ (stealth).
 25732 | Snake:1  | 25732 ||| Stepping ~*~*~tactically~*~*~ (stealth).
 25753 | Snake:1  | 25753 ||| Stepping ~*~*~tactically~*~*~ (hiding).
 25756 | Snake:1  | 25756 ||| Stepping ~*~*~tactically~*~*~ (hiding).
 25761 | Snake:1  | 25761 ||| Stepping ~*~*~tactically~*~*~ (hiding).
 25889 | Snake:1  | 25889 ||| Stepping ~*~*~tactically~*~*~ (stealth).
 25891 | Snake:1  | 25891 ||| Stepping ~*~*~tactically~*~*~ (stealth).
 25893 | Snake:1  | 25893 ||| Stepping ~*~*~tactically~*~*~ (hiding).
 25895 | Snake:1  | 25895 ||| INVOKING Heroism.
 25906 | Snake:1  | Received a gift from Okawaru
 26016 | Snake:1  | 26016 ||| Stepping ~*~*~tactically~*~*~ (hiding).
 26017 | Snake:1  | 26017 ||| Stepping ~*~*~tactically~*~*~ (hiding).
 26033 | Snake:1  | 26033 ||| Stepping ~*~*~tactically~*~*~ (stealth).
 26047 | Snake:1  | 26047 ||| Stepping ~*~*~tactically~*~*~ (stealth).
 26138 | Snake:1  | 26138 ||| Stepping ~*~*~tactically~*~*~ (hiding).
 26169 | Snake:1  | 26169 ||| Stepping ~*~*~tactically~*~*~ (hiding).
 26175 | Snake:1  | 26175 ||| INVOKING Heroism.
 26200 | Snake:1  | 26200 ||| READING scroll of enchant weapon.
 26200 | Snake:1  | 26200 ||| ENCHANTING +5 broad axe of electrocution.
 26283 | Snake:1  | 26283 ||| Stepping ~*~*~tactically~*~*~ (stealth).
 26434 | Snake:1  | Received a gift from Okawaru
 26592 | Snake:1  | 26592 ||| DROPPING scarf of harm.
 26621 | Snake:2  | 26621 ||| STAIRDANCE
 26625 | Snake:2  | Noticed a nagaraja
 26626 | Snake:2  | 26626 ||| INVOKING Heroism.
 26633 | Snake:2  | Killed a nagaraja
 26638 | Snake:2  | 26638 ||| Stepping ~*~*~tactically~*~*~ (hiding).
 26639 | Snake:2  | 26639 ||| Stepping ~*~*~tactically~*~*~ (hiding).
 26641 | Snake:2  | 26641 ||| Stepping ~*~*~tactically~*~*~ (hiding).
 26653 | Snake:2  | 26653 ||| Stepping ~*~*~tactically~*~*~ (hiding).
 26665 | Snake:2  | Identified the +2 hat of Defiance {rF- rCorr Str+8 Dex-2}
                  | (Okawaru gifted it to you on level 2 of the Snake Pit)
 26665 | Snake:2  | Received a gift from Okawaru
 26677 | Snake:2  | 26677 ||| INVOKING Heroism.
 26876 | Snake:2  | 26876 ||| Stepping ~*~*~tactically~*~*~ (stealth).
 26922 | Snake:2  | Identified the +1 ring mail "Ysasi" {rC+ Regen+ Int-5}
 26932 | Snake:2  | 26932 ||| FLEEEEING.
 26933 | Snake:2  | 26933 ||| STAIRDANCE
 27035 | Snake:1  | 27035 ||| UPGRADING to +2 hat of Defiance {rF- rCorr Str+8
                  | Dex-2}.
 27047 | Snake:2  | 27047 ||| STAIRDANCE
 27098 | Snake:2  | 27098 ||| STAIRDANCE
 27107 | Snake:2  | 27107 ||| STAIRDANCE
 27198 | Snake:2  | 27198 ||| STAIRDANCE
 27254 | Snake:2  | Reached XP level 17. HP: 108/108 MP: 24/24
 27263 | Snake:2  | Reached skill level 18 in Axes
 27264 | Snake:2  | 27264 ||| Stepping ~*~*~tactically~*~*~ (hiding).
 27268 | Snake:2  | 27268 ||| INVOKING Heroism.
 27287 | Snake:2  | 27287 ||| Stepping ~*~*~tactically~*~*~ (hiding).
 27289 | Snake:2  | 27289 ||| Stepping ~*~*~tactically~*~*~ (hiding).
 27372 | Snake:2  | Found Vyrch's Antique Weapon Shoppe.
 27450 | Snake:2  | 27450 ||| Stepping ~*~*~tactically~*~*~ (hiding).
 27662 | Snake:2  | 27662 ||| UPGRADING to +0 tower shield.
 27672 | Snake:2  | 27672 ||| DROPPING +0 kite shield.
 27673 | Snake:2  | 27673 ||| DROPPING scarf of harm.
 27712 | Snake:3  | 27712 ||| Stepping ~*~*~tactically~*~*~ (hiding).
 27713 | Snake:3  | 27713 ||| Stepping ~*~*~tactically~*~*~ (hiding).
 27717 | Snake:3  | 27717 ||| Stepping ~*~*~tactically~*~*~ (hiding).
 27721 | Snake:3  | 27721 ||| Stepping ~*~*~tactically~*~*~ (hiding).
 27767 | Snake:3  | 27767 ||| Stepping ~*~*~tactically~*~*~ (hiding).
 27773 | Snake:3  | 27773 ||| INVOKING Heroism.
 27778 | Snake:3  | 27778 ||| Stepping ~*~*~tactically~*~*~ (hiding).
 27779 | Snake:3  | 27779 ||| Stepping ~*~*~tactically~*~*~ (hiding).
 27784 | Snake:3  | 27784 ||| Stepping ~*~*~tactically~*~*~ (hiding).
 27795 | Snake:3  | 27795 ||| Stepping ~*~*~tactically~*~*~ (hiding).
 27796 | Snake:3  | 27796 ||| Stepping ~*~*~tactically~*~*~ (hiding).
 27797 | Snake:3  | 27797 ||| Stepping ~*~*~tactically~*~*~ (hiding).
 27998 | Snake:3  | 27998 ||| INVOKING Heroism.
 28106 | Snake:3  | 28106 ||| Stepping ~*~*~tactically~*~*~ (stealth).
 28211 | Snake:3  | 28211 ||| Stepping ~*~*~tactically~*~*~ (hiding).
 28218 | Snake:3  | Noticed Mara
 28219 | Snake:3  | 28219 ||| INVOKING Heroism.
 28224 | Snake:3  | 28224 ||| INVOKING Finesse.
 28232 | Snake:3  | Noticed qw's illusion
 28240 | Snake:3  | Killed Mara
 28301 | Snake:3  | 28301 ||| INVOKING Heroism.
 28379 | Snake:3  | 28379 ||| INVOKING Heroism.
 28461 | Snake:3  | Identified the +5 scale mail "Diufatan" {Str+6 Dex-5}
 28623 | Snake:3  | 28623 ||| Stepping ~*~*~tactically~*~*~ (hiding).
 28625 | Snake:3  | 28625 ||| Stepping ~*~*~tactically~*~*~ (hiding).
 28630 | Snake:3  | 28630 ||| INVOKING Heroism.
 28636 | Snake:3  | Reached skill level 15 in Shields
 28646 | Snake:3  | Found Guem's Jewellery Emporium.
 28647 | Snake:3  | Found Ytiequs's Book Boutique.
 28647 | Snake:3  | Found Toetiot's Book Boutique.
 28655 | Snake:3  | 28655 ||| BUYING +4 ring of protection (648 gold).
 28655 | Snake:3  | Bought a +4 ring of protection for 648 gold pieces
 28655 | Snake:3  | 28655 ||| SHOPLISTING ring of fire (450 gold, have 447).
 28655 | Snake:3  | 28655 ||| SHOPLISTING ring of protection from cold (450
                  | gold, have 447).
 28655 | Snake:3  | 28655 ||| SHOPLISTING ring of protection from fire (450
                  | gold, have 447).
 28655 | Snake:3  | 28655 ||| BUYING ring of resist corrosion (360 gold).
 28655 | Snake:3  | Bought a ring of resist corrosion for 360 gold pieces
 28773 | Snake:3  | Noticed Mlioglotl
 28774 | Snake:3  | 28774 ||| INVOKING Heroism.
 28775 | Snake:3  | 28775 ||| INVOKING Finesse.
 28786 | Snake:3  | Killed Mlioglotl
 28875 | Snake:3  | 28875 ||| PLANNING SWAMP:1-3
 28875 | Snake:3  | 28875 ||| UPGRADING to +4 ring of protection.
 28877 | Snake:3  | 28877 ||| DROPPING +6 ring of dexterity.
 28878 | Snake:3  | 28878 ||| DROPPING ring of willpower.
 29045 | Lair:3   | 29045 ||| Stepping ~*~*~tactically~*~*~ (stealth).
 29046 | Lair:3   | 29046 ||| Stepping ~*~*~tactically~*~*~ (stealth).
 29048 | Lair:3   | 29048 ||| Stepping ~*~*~tactically~*~*~ (stealth).
 29051 | Lair:3   | 29051 ||| Stepping ~*~*~tactically~*~*~ (stealth).
 29102 | Swamp:1  | Entered Level 1 of the Swamp
 29225 | Swamp:1  | 29225 ||| INVOKING Heroism.
 29409 | Swamp:1  | Identified the +0 pair of gloves of Youthful Indiscretion
                  | {rF- rC+ Will+ SInv}
 29409 | Swamp:1  | Noticed Nikola
 29410 | Swamp:1  | 29410 ||| INVOKING Heroism.
 29411 | Swamp:1  | 29411 ||| INVOKING Finesse.
 29421 | Swamp:1  | Killed Nikola
 29431 | Swamp:1  | 29431 ||| Stepping ~*~*~tactically~*~*~ (stealth).
 29432 | Swamp:1  | 29432 ||| Stepping ~*~*~tactically~*~*~ (stealth).
 29556 | Swamp:1  | 29556 ||| Stepping ~*~*~tactically~*~*~ (stealth).
 29561 | Swamp:1  | Received a gift from Okawaru
 29563 | Swamp:1  | 29563 ||| INVOKING Heroism.
 29732 | Swamp:1  | 29732 ||| Stepping ~*~*~tactically~*~*~ (hiding).
 29734 | Swamp:1  | 29734 ||| Stepping ~*~*~tactically~*~*~ (hiding).
 29738 | Swamp:1  | 29738 ||| INVOKING Heroism.
 30016 | Swamp:1  | 30016 ||| DROPPING +1 pair of boots.
 30049 | Swamp:2  | 30049 ||| INVOKING Heroism.
 30201 | Swamp:2  | 30201 ||| INVOKING Heroism.
 30218 | Swamp:2  | 30218 ||| Stepping ~*~*~tactically~*~*~ (stealth).
 30240 | Swamp:2  | 30240 ||| Stepping ~*~*~tactically~*~*~ (stealth).
 30242 | Swamp:2  | 30242 ||| Stepping ~*~*~tactically~*~*~ (hiding).
 30249 | Swamp:2  | Identified the +13 crystal plate armour "Limuer" {Dex+7}
                  | (Okawaru gifted it to you on level 2 of the Swamp)
 30249 | Swamp:2  | Received a gift from Okawaru
 30317 | Swamp:2  | 30317 ||| INVOKING Heroism.
 30344 | Swamp:2  | 30344 ||| Stepping ~*~*~tactically~*~*~ (hiding).
 30346 | Swamp:2  | 30346 ||| Stepping ~*~*~tactically~*~*~ (hiding).
 30410 | Swamp:2  | 30410 ||| Stepping ~*~*~tactically~*~*~ (stealth).
 30412 | Swamp:2  | 30412 ||| Stepping ~*~*~tactically~*~*~ (hiding).
 30551 | Swamp:2  | 30551 ||| INVOKING Heroism.
 30734 | Swamp:2  | 30734 ||| INVOKING Heroism.
 30910 | Swamp:2  | 30910 ||| DROPPING +2 chain mail of fire resistance.
 30911 | Swamp:2  | 30911 ||| UPGRADING to +13 crystal plate armour "Limuer"
                  | {Dex+7}.
 30921 | Swamp:2  | 30921 ||| DROPPING +0 fire dragon scales.
 30922 | Swamp:2  | 30922 ||| DROPPING +0 plate armour of cold resistance.
 31000 | Swamp:3  | 31000 ||| INVOKING Heroism.
 31005 | Swamp:3  | 31005 ||| SWAPPING to +1 hand axe of flaming.
 31006 | Swamp:3  | 31006 ||| SWAPPING to +6 broad axe of electrocution.
 31007 | Swamp:3  | 31007 ||| SWAPPING to +1 hand axe of flaming.
 31009 | Swamp:3  | 31009 ||| SWAPPING to +6 broad axe of electrocution.
 31010 | Swamp:3  | 31010 ||| SWAPPING to +1 hand axe of flaming.
 31012 | Swamp:3  | 31012 ||| SWAPPING to +6 broad axe of electrocution.
 31013 | Swamp:3  | 31013 ||| SWAPPING to +1 hand axe of flaming.
 31015 | Swamp:3  | 31015 ||| SWAPPING to +6 broad axe of electrocution.
 31016 | Swamp:3  | 31016 ||| SWAPPING to +1 hand axe of flaming.
 31041 | Swamp:3  | 31041 ||| Stepping ~*~*~tactically~*~*~ (stealth).
 31046 | Swamp:3  | 31046 ||| SWAPPING to +6 broad axe of electrocution.
 31272 | Swamp:3  | 31272 ||| Stepping ~*~*~tactically~*~*~ (stealth).
 31274 | Swamp:3  | 31274 ||| INVOKING Heroism.
 31341 | Swamp:3  | 31341 ||| Stepping ~*~*~tactically~*~*~ (hiding).
 31343 | Swamp:3  | 31343 ||| Stepping ~*~*~tactically~*~*~ (hiding).
 31355 | Swamp:3  | 31355 ||| INVOKING Heroism.
 31543 | Swamp:3  | 31543 ||| INVOKING Heroism.
 31667 | Swamp:3  | 31667 ||| READING scroll of enchant armour.
 31667 | Swamp:3  | 31667 ||| ENCHANTING +1 pair of boots of fire resistance.
 31684 | Swamp:3  | 31684 ||| Stepping ~*~*~tactically~*~*~ (stealth).
 31685 | Swamp:3  | 31685 ||| Stepping ~*~*~tactically~*~*~ (stealth).
 31699 | Swamp:3  | Reached XP level 18. HP: 114/114 MP: 25/25
 31699 | Swamp:3  | 31699 ||| DROPPING +1 hand axe of flaming.
 32088 | Swamp:3  | 32088 ||| PLANNING SNAKE:4
 32088 | Swamp:3  | 32088 ||| DROPPING +2 pair of boots.
 32345 | Snake:4  | Entered Level 4 of the Snake Pit
 32771 | Snake:4  | 32771 ||| Stepping ~*~*~tactically~*~*~ (hiding).
 32773 | Snake:4  | 32773 ||| INVOKING Heroism.
 32932 | Snake:4  | 32932 ||| INVOKING Heroism.
 32967 | Snake:4  | 32967 ||| Stepping ~*~*~tactically~*~*~ (hiding).
 32978 | Snake:4  | 32978 ||| Stepping ~*~*~tactically~*~*~ (hiding).
 32981 | Snake:4  | 32981 ||| INVOKING Heroism.
 32984 | Snake:4  | 32984 ||| Stepping ~*~*~tactically~*~*~ (hiding).
 33003 | Snake:4  | 33003 ||| Stepping ~*~*~tactically~*~*~ (hiding).
 33004 | Snake:4  | 33004 ||| Stepping ~*~*~tactically~*~*~ (hiding).
 33063 | Snake:4  | 33063 ||| Stepping ~*~*~tactically~*~*~ (hiding).
 33111 | Snake:4  | 33111 ||| Stepping ~*~*~tactically~*~*~ (hiding).
 33405 | Snake:4  | Reached skill level 15 in Armour
 33628 | Snake:4  | 33628 ||| Stepping ~*~*~tactically~*~*~ (hiding).
 33641 | Snake:4  | 33641 ||| INVOKING Heroism.
 33647 | Snake:4  | Identified the +8 mace of Joyful Slaughter {flame, rElec
                  | rC+} (Okawaru gifted it to you on level 4 of the Snake Pit)
 33647 | Snake:4  | Received a gift from Okawaru
 33688 | Snake:4  | HP: 24/114 [nagaraja/+0 halberd (28)]
 33689 | Snake:4  | 33689 ||| DRINKING 2 potions of heal wounds.
 33689 | Snake:4  | Noticed Vashnia
 33690 | Snake:4  | 33690 ||| INVOKING Heroism.
 33691 | Snake:4  | 33691 ||| DRINKING potion of heal wounds.
 33697 | Snake:4  | HP: 3/114 [nagaraja/+0 halberd (28)]
 33699 | Snake:4  | HP: 1/114 [nagaraja/+1 halberd of protection (3)]
 33699 | Snake:4  | Mangled by a naga

Levels and vault maps discovered:
D:1:      dpeg_arrival_circle_labyrinth_b, layout_loops_ring,
          hellmonk_ecumenical_altar_inner_sanctum, serial_bayou,
          serial_bayou_shore_b, serial_bayou_ford_a, serial_bayou_pond_c,
          serial_bayou_pond_e, st_stairs_3
D:2:      layout_basic, kennysheep_generic_room_6
D:3:      kennysheep_slugbush, layout_loops_cross, lemuel_round_altar,
          portal_sewer_entry_e
D:4:      layout_rooms, mainiacjoe_overflow_alcove_4, serial_shops,
          nicolae_shop_overgrown_old_shop, kennysheep_generic_room_4, uniq_robin
D:5:      layout_basic, gammafunk_temple_overflow_wave,
          minmay_temple_entry_proselytizer, uniq_menkaure,
          uniq_crazy_yiuf_cottage, uniq_blork_the_orc
D:6:      layout_loops_cross, lemuel_doored_altar, minmay_misc_feat_ornament,
          uniq_pikel
D:7:      layout_basic, mainiacjoe_overflow_concentric_impassable, serial_shops,
          nicolae_shop_waterfront, gammafunk_ghost_hive, uniq_duvessa
D:8:      layout_cave_pools, lemuel_crystal_altar, fedhas_altar_3,
          mainiacjoe_overflow_small_starburst, small_statue_alley_b
D:9:      argonaut_augean_stables, layout_basic, serial_shops, shop,
          minmay_misc_feat_nine_boxes, uniq_maurice
D:10:     layout_big_octagon, mainiacjoe_overflow_brackets, orc_0_dummy,
          grunt_decor_fettered
D:11:     layout_roguey, lair_entry_dummy
D:12:     layout_basic, uniq_nergalle, uniq_josephine
D:13:     cheibrodos_lost_city_excavation, layout_rooms, david_vaults_5
D:14:     layout_basic, nrook_mini_vaults, nicolae_shop_fire_sale
          [nicolae_sub_dead_trees]
D:15:     hangedman_depths_entry_civil_slaughter, layout_loops_ring,
          minmay_crystal_room, vehumet_crystals
Temple:   hellmonk_temple_forest_ring
Lair:1:   layout_concentric_octagons
Lair:2:   nzn_winding_woodlands_huge [nzn_winding_woodlands_5x15_zeroes,
          nzn_winding_woodlands_5x15_jagged, nzn_winding_woodlands_5x15_parted,
          nzn_winding_woodlands_5x15_pool,
          nzn_winding_woodlands_5x15_river_crossing,
          nzn_winding_woodlands_5x15_cabin, nzn_winding_woodlands_5x15_garden,
          nzn_winding_woodlands_5x15_concentric,
          nzn_winding_woodlands_5x15_lazy_stream,
          nzn_winding_woodlands_5x15_pathside_ponds,
          nzn_winding_woodlands_center_diamonds,
          nzn_winding_woodlands_center_garden,
          nzn_winding_woodlands_15x15_killbox], layout_loops_ring,
          skrybe_swamp_entry_bodies, minmay_snake_entry_guardpost_small,
          beast_lair_carwin_8
Lair:3:   gammafunk_boulding_lane, layout_small_grid, grunt_megastairs_5,
          lemuel_fruit_tree
Lair:4:   layout_roguey, slime_entry_1, patterned_corridor,
          infiniplex_staircase_pool, grunt_megastairs_4
Lair:5:   hangedman_lair_tendril_chambers, layout_big_grid,
          guppyfry_lair_end_dragon, serial_bayou_shore_a
Swamp:1:  layout_basic_swamp, nicolae_swamp_well_well_well, swamp_pool2,
          uniq_nikola
Swamp:2:  layout_basic_swamp, hangedman_swamp_diagram
Swamp:3:  nicolae_swamp_wrong_neighborhood, layout_basic_swamp,
          evilmike_swamp_ruin_house_4, nicolae_swamp_hydra_murder_den
Snake:1:  layout_layer_cave, nicolae_shop_i_like_big_books,
          serial_bayou_lagoon_a, drop_trap
Snake:2:  layout_onion, serial_shops,
          nicolae_shop_temple_entry_statues_fountains
Snake:3:  layout_cave_town, minmay_shop_grove, uniq_mara, uniq_mlioglotl
Snake:4:  grunt_snake_rune_serpentine_throne, layout_layer_cave
Orc:1:    layout_diamond_mine, basic_altar
Orc:2:    grunt_orc_cross, layout_diamond_mine

Skill      XL: |  1  2  3  4  5  6  7  8  9 10 11 12 13 14 15 16 17 18 |
---------------+-------------------------------------------------------+-----
Axes           | 2 3 4 5 7 8 9 10 11 13 15 16 17 18 | 18.0
Dodging        | 1 2 3 4 |  4.1
Throwing       | 2 3 4 5 7 |  7.0
Fighting       | 4 5 6 7 8 9 10 11 12 13 | 13.0
Armour         | 4 5 6 8 9 10 11 12 13 15 | 15.0
Invocations    | 4 6 9 10 | 10.0
Shields        | 8 9 10 11 12 13 16 17 | 17.7

Action                   |  1- 3 |  4- 6 |  7- 9 | 10-12 | 13-15 | 16-18 || total
-------------------------+-------+-------+-------+-------+-------+-------++-------
Melee: War axe           |    91 |   136 |   130 |   300 |    36 |       ||   693
       Morningstar       |       |       |       |    23 |    24 |       ||    47
       Broad axe         |       |       |       |       |   889 |   964 ||  1853
       Hand axe          |       |       |       |       |       |    31 ||    31
Throw: Javelin           |       |    12 |    29 |    22 |    31 |    74 ||   168
       Boomerang         |       |       |     9 |       |    14 |    18 ||    41
Invok: Heroism           |       |       |    10 |    21 |    39 |    43 ||   113
       Finesse           |       |       |       |     4 |    10 |     5 ||    19
  Use: Scroll            |     5 |     7 |     8 |     5 |    12 |     2 ||    39
       Potion            |       |     3 |     4 |     1 |     7 |     3 ||    18
 Stab: Distracted        |       |       |     1 |     6 |     2 |       ||     9
       Petrified         |       |       |       |     1 |       |       ||     1
Armor: Scale mail        |    48 |    24 |       |       |       |       ||    72
       Chain mail        |       |    45 |       |       |       |       ||    45
       Plate armour      |       |    11 |    75 |   127 |   371 |   238 ||   822
       Crystal plate arm |       |       |       |       |       |   171 ||   171
Dodge: Dodged            |    48 |    36 |    42 |    52 |   176 |   186 ||   540
Block: Buckler           |    14 |    16 |    26 |       |       |       ||    56
       Kite shield       |       |       |    36 |   199 |   605 |   359 ||  1199
       Reflection        |       |       |       |     2 |    17 |    81 ||   100
       Tower shield      |       |       |       |       |       |   510 ||   510

Table legend:
 A = Non-vault XP
 B = Vault XP
 C = Vault XP percentage of total XP
 D = Non-vault monster count
 E = Vault monster count
 F = Vault count percentage of total count
                 A         B        C        D         E       F
            +---------+---------+-------+---------+---------+-------
      Total |  193955 |   83156 |  30.0 |     722 |     247 |  25.5
            +---------+---------+-------+---------+---------+-------
        D:1 |      45 |       3 |   6.2 |      24 |       2 |   7.7
        D:2 |      54 |      15 |  21.7 |      18 |       2 |  10.0
        D:3 |      34 |      94 |  73.4 |       9 |      19 |  67.9
        D:4 |     349 |      46 |  11.6 |      19 |      11 |  36.7
        D:5 |     460 |     304 |  39.8 |      13 |       3 |  18.8
        D:6 |    1512 |     617 |  29.0 |      40 |       1 |   2.4
        D:7 |     824 |     220 |  21.1 |      17 |       2 |  10.5
        D:8 |     905 |       0 |   0.0 |      27 |       0 |   0.0
        D:9 |    1817 |    3904 |  68.2 |      23 |      15 |  39.5
       D:10 |    2104 |       0 |   0.0 |      12 |       0 |   0.0
       D:11 |    2811 |       0 |   0.0 |      15 |       0 |   0.0
       D:12 |   12820 |    2339 |  15.4 |      36 |       5 |  12.2
       D:13 |    4805 |    4372 |  47.6 |      12 |       9 |  42.9
       D:14 |    7477 |       0 |   0.0 |      23 |       0 |   0.0
       D:15 |    8300 |    4009 |  32.6 |      17 |       6 |  26.1
     Lair:1 |    2314 |     478 |  17.1 |       8 |       1 |  11.1
     Lair:2 |    2077 |   15188 |  88.0 |      11 |      49 |  81.7
     Lair:3 |    5989 |     959 |  13.8 |      26 |       5 |  16.1
     Lair:4 |    7159 |    1921 |  21.2 |      21 |       5 |  19.2
     Lair:5 |    7619 |   14064 |  64.9 |      20 |      49 |  71.0
    Swamp:1 |    6183 |    2496 |  28.8 |      19 |       1 |   5.0
    Swamp:2 |   13852 |       0 |   0.0 |      38 |       0 |   0.0
    Swamp:3 |   14097 |    3801 |  21.2 |      22 |       4 |  15.4
    Snake:1 |   25669 |       0 |   0.0 |      54 |       0 |   0.0
    Snake:2 |   15332 |       0 |   0.0 |      28 |       0 |   0.0
    Snake:3 |   14222 |    5698 |  28.6 |      29 |       2 |   6.5
    Snake:4 |   15635 |   14056 |  47.3 |      32 |      19 |  37.3
      Orc:1 |    5083 |       0 |   0.0 |      42 |       0 |   0.0
      Orc:2 |    1659 |    8572 |  83.8 |      34 |      37 |  52.1
    Abyss:3 |   12748 |       0 |   0.0 |      33 |       0 |   0.0
            +---------+---------+-------+---------+---------+-------
